 Dungeon Crawl Stone Soup version 0.28.0-53-g5a82cb258f (webtiles) character file.

Game seed: 15557490916599200482

210 clickfinger the Grave Robber (level 5, 0/38 HPs)
             Began as a Ghoul Necromancer on May 28, 2022.
             Slain by a kobold brigand
             ... wielding a +0 short sword
              (7 damage)
             ... in a sewer.
             The game lasted 00:31:26 (1887 turns).

clickfinger the Grave Robber (Ghoul Necromancer)    Turns: 1887, Time: 00:31:27

Health: 0/38       AC:  9    Str: 12    XL:     5   Next: 88%
Magic:  1/8        EV: 12    Int: 12    God:
Gold:   86         SH:  0    Dex: 11    Spells: 5/9 levels left

rFire   + . .      SeeInvis +   h - +3 long sword (protect)
rCold   + + +      Faith    .   (no shield)
rNeg    + + +      Spirit   .   l - +0 robe of the Silversmith {rElec rC+ Dex+2 SInv}
rPois   ∞          Reflect  .   (no helmet)
rElec   +          Harm     .   k - scarf {rC+ rF+}
rCorr   .          Rampage  .   (no gloves)
Will    .....                   (no boots)
Stlth   +.........              (no amulet)
HPRegen 0.00/turn               (no ring)
MPRegen 0.11/turn               (no ring)

@: under a protective aura, inhibited regen, very slow
A: claws 1, cold resistance 1, negative energy resistance 3, inhibited
regeneration, torment resistance 2
a: no special abilities


You were in a sewer.
You visited 1 branch of the dungeon, and saw 3 of its levels.
You also visited: Sewer.

You collected 86 gold pieces.

Inventory:

Hand Weapons
 b - a +0 short sword
 h - a +3 long sword of protection (weapon)
Armour
 a - a +0 robe
 i - a +0 ring mail
 k - a scarf of resistance (worn)
 l - the +0 robe of the Silversmith (worn) {rElec rC+ Dex+2 SInv}
   (You found it on level 2 of the Dungeon)

   Dex:       It affects your dexterity (+2).
   rC:        It protects you from cold.
   rElec:     It insulates you from electricity.
   SInv:      It lets you see invisible.
Magical Staves
 f - a staff of earth
 g - a staff of cold
Scrolls
 d - a scroll of amnesia {unknown}
 e - 4 scrolls of identify {unknown}
 j - a scroll of enchant weapon {unknown}


   Skills:
 * Level 1.8 Long Blades
 - Level 0.4 Staves
 + Level 0.3 Armour
 + Level 2.3 Dodging
 * Level 3.1 Stealth
 + Level 2.8 Spellcasting
 + Level 5.0 Necromancy


You had 5 spell levels left.
You knew the following spells:

 Your Spells              Type           Power      Damage    Failure   Level
a - Pain                  Necr           52%        1d6       3%          1
b - Vampiric Draining     Necr           13%        2d6       10%         3

Your spell library contained the following spells:

 Spells                   Type           Power      Damage    Failure   Level
 Animate Skeleton         Necr           26%        N/A       3%          1
 Animate Dead             Necr           6%         N/A       30%         4
 Dazzling Flash           Conj/Hex       2%         N/A       58%         3
 Agony                    Necr           13%        N/A       65%         5
 Silence                  Hex/Air        0%         N/A       100%        5


Dungeon Overview and Level Annotations

Branches:
Dungeon (3/15)              Sewer (1/1)

Altars:
Ru


Innate Abilities, Weirdness & Mutations

You thrive by killing the living.
You are immune to poison.
You have sharp fingernails.
Your flesh is cold resistant. (rC+)
You are immune to negative energy. (rN+++)
You do not regenerate when monsters are visible.
You are immune to unholy pain and torment.


Message History

The kobold hits you but does no damage.
The kobold brigand hits you but does no damage.
Your Stealth skill increases to level 3!
Your Necromancy skill increases to level 5!
Aiming: Pain (safe; 3% risk of failure)
Press: ? - help, Q - select action, (/) - cycle Shift-Dir - straight line, f - kobold
Aim: a kobold, wielding a +0 whip and quivering poisoned darts (chance to affect: 83%)
The kobold writhes in agony.
The kobold closely misses you.
The kobold brigand hits you with a +0 short sword.
Your unstable footing causes you to fumble your attack.
The kobold hits you with a +0 whip.
The kobold brigand splashes around in the water.
Your unstable footing causes you to fumble your attack.
The kobold splashes around in the water.
The kobold brigand splashes around in the water.
Aiming: Pain (safe; 3% risk of failure)
Press: ? - help, Q - select action, (/) - cycle Shift-Dir - straight line, f/p - kobold
Aim: a kobold, wielding a +0 whip and quivering poisoned darts (moderately wounded, chance to affect: 83%)
The kobold writhes in agony.
You kill the kobold!
You hear a splash. x2
The kobold brigand barely misses you.
The kobold brigand throws a curare-tipped dart.
The curare-tipped dart closely misses you.
You closely miss the kobold brigand. You barely miss the kobold brigand.
The kobold brigand splashes around in the water.
The kobold brigand hits you with a +0 short sword.
You hit the kobold brigand but do no damage.
Your weapon exudes an aura of protection.
The kobold brigand splashes around in the water.
Your unstable footing causes you to fumble your attack.
The kobold brigand hits you with a +0 short sword.
* * * LOW HITPOINT WARNING * * *
You slash the kobold brigand!
The kobold brigand is moderately wounded.
The kobold brigand hits you but does no damage.
The kobold brigand hits you with a +0 short sword!
You die...

#≈# #≈# #≈# #≈# #≈#
#≈# #≈# #≈#
##@#########
######≈K)≈.≈..≈.#
.....≈.≈).≈≈≈≈)≈#
≈≈≈≈≈≈≈≈≈≈≈≈≈≈†.#
≈≈≈≈≈≈≈≈≈≈≈≈≈≈≈)....
≈≈≈≈≈≈≈≈≈≈≈≈≈≈≈≈#...
.....≈..≈≈≈≈≈≈≈.# ..
##.###..≈..≈.≈..# #
#∩ ############


You could see a kobold brigand.

Vanquished Creatures
  A kobold brigand (Sewer)
  3 adders
  3 river rats
  2 adder zombies (D:2)
  3 adder skeletons (D:2)
  3 dart slugs
  3 ball pythons
  3 endoplasms
  6 giant cockroaches
  2 goblins
  9 hobgoblins
  A jackal (Sewer)
  7 kobolds
  3 quokkas
  6 bats
  9 rats
64 creatures vanquished.

Vanquished Creatures (others)
  2 withered plants (D:2)
2 creatures vanquished.

Grand Total: 66 creatures vanquished

Notes
Turn   | Place    | Note
-------+----------+-------------------------------------------
     0 | D:1      | clickfinger the Ghoul Necromancer began the quest for the
                  | Orb.
     0 | D:1      | Reached XP level 1. HP: 14/14 MP: 2/2
   218 | D:1      | Reached XP level 2. HP: 20/20 MP: 1/3
   450 | D:1      | Found a faded altar of an unknown god.
   550 | D:1      | Reached XP level 3. HP: 26/26 MP: 0/5
   718 | D:2      | Found a sacrificial altar of Ru.
   758 | D:2      | Learned a level 3 spell: Vampiric Draining
   930 | D:2      | Reached XP level 4. HP: 31/33 MP: 2/6
  1405 | D:2      | Identified the +0 robe of the Silversmith {rElec rC+ Dex+2
                  | SInv}
  1771 | D:3      | Found a glowing drain.
  1790 | D:3      | Reached skill level 1 in Long Blades
  1801 | D:3      | Reached XP level 5. HP: 17/38 MP: 2/7
  1809 | Sewer    | Entered a sewer
  1857 | Sewer    | Noticed a kobold brigand
  1858 | Sewer    | Noticed a kobold brigand
  1876 | Sewer    | Killed a kobold brigand
  1877 | Sewer    | Reached skill level 5 in Necromancy
  1887 | Sewer    | Slain by a kobold brigand

Illustrated notes

Levels and vault maps discovered:
D:1:      zelgadis_glass_arrival_small, layout_basic,
          ebering_ecumenical_altar_rust, minmay_statues_item
D:2:      layout_loops_ring, serial_undead, serial_undead_a, serial_undead_c,
          serial_undead_e, serial_undead_d, serial_undead_b, serial_undead_d,
          serial_undead_e, serial_undead_f, basic_altar, feat_on_display
D:3:      layout_loops_cross, portal_sewer_entry_c
Sewer:    sewer_kobolds

Skill      XL: |  1  2  3  4  5 |
---------------+----------------+-----
Spellcasting   | 2 |  2.8
Dodging        | 2 |  2.3
Long Blades    | 1 |  1.8
Stealth        | 3 |  3.1
Necromancy     | 5 |  5.0
Staves         | |  0.4
Armour         | |  0.3

Action                   |  1- 3 |  4- 6 || total
-------------------------+-------+-------++-------
Melee: Short sword       |    40 |       ||    40
       Long sword        |    23 |    57 ||    80
       Staff             |    18 |       ||    18
       Punch             |     1 |       ||     1
 Cast: Pain              |    49 |    53 ||   102
  Use: Potion            |       |     1 ||     1
Armor: Robe              |    21 |    16 ||    37
       Ring mail         |    13 |     8 ||    21
Dodge: Dodged            |    70 |    48 ||   118
